 Dungeon Crawl Stone Soup version 0.30-a0-121-gb27577e5d9 (console) character file.

Game seed: 8879876792837346433

22 jejorda2 the Slasher (level 2, -11/24 HPs)
             Began as a Merfolk Berserker on Sept 14, 2022.
             Was a Believer of Trog.
             Mangled by a goblin
             ... wielding a +1 dagger of electrocution
              (14 damage)
             ... on level 1 of the Dungeon.
             The game lasted 00:01:40 (615 turns).

jejorda2 the Slasher (Merfolk Berserker)             Turns: 615, Time: 00:01:41

Health: -11/24     AC:  5    Str: 17    XL:     2   Next: 91%
Magic:  2/2        EV: 11    Int:  6    God:    Trog [**....]
Gold:   48         SH:  0    Dex: 13    Spells: 1/1 levels left

rFire   . . .      SeeInvis .    a - +0 falchion
rCold   . . .      Faith    .    (no shield)
rNeg    . . .      Spirit   .    e - +0 ring mail
rPois   .          Reflect  .    (no helmet)
rElec   .          Harm     .    (no cloak)
rCorr   .          Rampage  .    (no gloves)
Will    .....                    (no boots)
Stlth   +.........               (no amulet)
HPRegen 0.08/turn                (no ring)
MPRegen 0.08/turn                (no ring)

@: no status effects
A: (nimble swimmer 2), mertail
a: Renounce Religion, Berserk, Trog's Hand


You were on level 1 of the Dungeon.
You worshipped Trog.
Trog was pleased with you.
You visited 1 branch of the dungeon, and saw 1 of its levels.

You collected 48 gold pieces.

Inventory:

Hand Weapons
 a - a +0 falchion (weapon)
 d - a +0 dagger
Missiles
 g - 12 stones (quivered)
Armour
 b - a +0 animal skin
 e - a +0 ring mail (worn)
Scrolls
 c - a scroll of silence {unknown}
 h - a scroll of noise {unknown}
 i - 2 scrolls of identify {unknown}
 j - a scroll of butterflies {unknown}
 l - a scroll of fear {unknown}
Potions
 f - a potion of curing {unknown}
 k - a potion of degeneration {unknown}


   Skills:
 + Level 3.6 Fighting
 * Level 0.0(2.5) Short Blades
 - Level 4.3 Long Blades
 + Level 1.6 Armour
 - Level 2.6 Dodging


You had one spell level left.
You didn't know any spells.
Your spell library was empty.

Dungeon Overview and Level Annotations

Branches:
Dungeon (1/15)

Altars:


Innate Abilities, Weirdness & Mutations

((You are very nimble when in or above water. (Stealth+, EV+, Speed+++)))
Your lower body shifts to a powerful aquatic tail in water.


Message History

The kobold hits you but does no damage.
You miss the bat. The bat hits you but does no damage.
The kobold closely misses you. The bat closely misses you.
You hit the bat but do no damage. The bat hits you but does no damage.
The kobold barely misses you. The bat hits you but does no damage.
You slash the bat!
You kill the bat!
Trog accepts your kill. The kobold hits you but does no damage.
You hit the kobold.
You kill the kobold!
Trog accepts your kill. The quokka closely misses you.
You slash the quokka!
You kill the quokka!
Trog accepts your kill.
You can now call upon Trog for regeneration and willpower.
No target in view!
No target in view!
No target in view!
No target in view!
Found a purple potion.
You see here a +0 ring mail.
g - 12 stones (gained 5)
Items here: ) †.
A goblin comes into view.
It is wielding a +1 dagger of electrocution.
Found 6 gold pieces.
The goblin shouts!
You fail to use your ability.
You closely miss the goblin. The goblin completely misses you.
You closely miss the goblin.
The goblin hits you with a +1 dagger of electrocution.
You are electrocuted!!
Ouch! That really hurt!
* * * LOW HITPOINT WARNING * * *
You hit the goblin.
The goblin is moderately wounded.
The goblin hits you but does no damage.
You are electrocuted!
Ouch! That really hurt!
You die...

..................#
.........############
...........>........#
.......)............#
.........[.>........#
....................#
......#.............#
......######....!...#
...... #@.......#
...........g........#
....................#
...............#
...........#####
...........#
......$....+
...........#


You could see a goblin.

Vanquished Creatures
  4 bats (D:1)
  An endoplasm (D:1)
  2 giant cockroaches (D:1)
  A goblin (D:1)
  A hobgoblin (D:1)
  A quokka (D:1)
  7 ball pythons (D:1)
  3 frilled lizards (D:1)
  A kobold (D:1)
  A rat (D:1)
22 creatures vanquished.

Notes
Turn   | Place    | Note
-------+----------+-------------------------------------------
     0 | D:1      | jejorda2 the Merfolk Berserker began the quest for the Orb.
     0 | D:1      | Reached XP level 1. HP: 18/18 MP: 1/1
   240 | D:1      | Reached skill level 4 in Long Blades
   240 | D:1      | Reached XP level 2. HP: 20/24 MP: 2/2
   597 | D:1      | Reached ** piety under Trog
   615 | D:1      | Mangled by a goblin

Illustrated notes

Levels and vault maps discovered:
D:1:      minmay_arrival_pointy, layout_basic

Skill      XL: |  1 |
---------------+----+-----
Long Blades    | 4 |  4.3
Fighting       | |  3.6
Armour         | |  1.6
Dodging        | |  2.6

Action                   || total
-------------------------++-------
Melee: Falchion          ||    63
Invok: Berserk           ||     1
Armor: Ring mail         ||    28
       Animal skin       ||     1
Dodge: Dodged            ||    58

Table legend: (Time is in decaauts)
 A = Elapsed time spent in this place.
 B = Non-inter-level travel time spent in this place.
 C = Inter-level travel time spent in this place.
 D = Time resting spent in this place.
 E = Time spent auto-exploring this place.
 F = Levels seen in this place.
 G = Mean time per level.
                   A        B        C        D        E       F      G
               +--------+--------+--------+--------+--------+-----+--------+
         Total |    629 |    629 |      0 |    155 |    316 |   1 |  629.0 |
       Dungeon |    629 |    629 |      0 |    155 |    316 |   1 |  629.0 |
               +--------+--------+--------+--------+--------+-----+--------+

Top non-repeatable levels by time:
     D:1: 629 daAuts
